 Dungeon Crawl Stone Soup version 0.18.1-48-g4cf74bf (console) character file.

47 utis the Shooter (level 3, -1/26 HPs)
             Began as a Human Arcane Marksman on Aug 30, 2016.
             Slain by an adder (2 damage)
             ... on level 2 of the Dungeon.
             The game lasted 00:08:33 (2986 turns).

utis the Shooter (Human Arcane Marksman)            Turns: 2986, Time: 00:08:33

Health: -1/26      AC:  3    Str: 11    XL:     3   Next: 97%
Magic:  4/4        EV: 12    Int: 14    God:
Gold:   54         SH:  0    Dex: 12    Spells: 2 memorised, 1 level left

rFire  . . .     SeeInvis .     a - +0 shortbow
rCold  . . .     Gourm    .     u - +0 leather armour
rNeg   . . .     Faith    .     (shield currently unavailable)
rPois  .         Spirit   .     (no helmet)
rElec  .         Dismiss  .     (no cloak)
rCorr  .         Reflect  .     (no gloves)
SustAt .         Harm     .     (no boots)
MR     .....                    (no amulet)
Stlth  +.........               (no ring)
                                (no ring)

@: lethally poisoned (-1 -> -15), very slightly contaminated, not resistant to
hostile enchantments, very unstealthy
A: no striking features
a: no special abilities


You were on level 2 of the Dungeon.
You were hungry.

You visited 1 branch of the dungeon, and saw 2 of its levels.

You collected 54 gold pieces.

Inventory:

Hand Weapons
 a - a +0 shortbow (weapon)
 b - a +0 short sword
 e - a +0 dagger
 p - a +0 whip
Missiles
 d - 57 arrows (quivered)
 h - 62 stones
Armour
 r - a +0 robe
 u - a +0 leather armour (worn)
Jewellery
 g - an uncursed ring of ice {unknown}
 x - an uncursed ring of magical power {unknown}
Scrolls
 k - a scroll of noise {unknown}
 l - 2 scrolls of teleportation {unknown}
 m - a scroll of blinking {unknown}
 w - a scroll of remove curse {unknown}
Potions
 i - a potion of might {unknown}
 j - a potion of cure mutation {unknown}
 o - a potion of beneficial mutation {unknown}
 q - a potion of berserk rage {unknown}
 s - a potion of degeneration {unknown}
 v - a potion of magic
Books
 c - a book of Debilitation

   Spells                             Type                      Level
   a - Corona                         Hexes                        1
   b - Slow                           Hexes                        2
   c - Gell's Gravitas                Hexes/Translocation          3
   d - Inner Flame                    Hexes/Fire                   3
   e - Cause Fear                     Hexes                        4
   f - Leda's Liquefaction            Hexes/Earth                  4
Comestibles
 f - 2 bread rations {@e1}
 n - a meat ration {@e1}
 t - a beef jerky {@e2}


   Skills:
 - Level 1.0 Fighting
 * Level 3.6 Bows
 - Level 2.0 Dodging
 - Level 1.0 Spellcasting
 + Level 3.3 Hexes


You had one spell level left.
You knew the following spells:

 Your Spells              Type           Power        Failure   Level  Hunger
w - Slow                  Hex            #.......     14%         2    ###....
z - Corona                Hex            #......      10%         1    ##.....


Dungeon Overview and Level Annotations

Branches:
Dungeon (2/15)

Altars:


Message History

* * * LOW HITPOINT WARNING * * *
You feel sick. The adder bites you.
* * * LOW HITPOINT WARNING * * *
You are more poisoned.
The adder poisons you! The adder closely misses you.
Firing (i - inventory. (,) - cycle):
d - 59 arrows (quivered)
Press: ? - help, Shift-Dir - straight line, f/p - adder
Aim: an adder (heavily wounded)
You shoot an arrow. The arrow barely misses the adder.
* * * LOW HITPOINT WARNING * * *
You feel sick. The adder completely misses you.
Firing (i - inventory. (,) - cycle):
d - 58 arrows (quivered)
Press: ? - help, Shift-Dir - straight line, f/p - adder
Aim: an adder (heavily wounded)
You shoot an arrow. The arrow barely misses the adder.
* * * LOW HITPOINT WARNING * * *
You feel sick. The adder bites you.
* * * LOW HITPOINT WARNING * * *
The adder bites you.
You die...

.░░░░░░░........░
.░░░░░░░........░
.......+........+.
.░░░░░░░........░.░░
.......░........░..░
...............░░░.░░░░░
.......................
.......░.⌠..⚶...░░..░░░░
...........⚶≈...pSb....░
░░...░......≈⚶..░░...░.░
...░...▒.....░░░.░.░
...░ .▒▒+...░░ ... ░
░░░░ ▒▒.. ░b... ▒...
░..... ▒.... ░...... ...
░....░.░ ░.......


You could see an adder and a bat.

Vanquished Creatures
  An ooze (D:2)
  2 dart slugs (D:1)
  A giant gecko (D:1)
  5 bats
  A giant cockroach (D:1)
  5 hobgoblins
  4 kobolds
  A quokka (D:2)
  2 ball pythons (D:1)
  A giant newt (D:1)
  5 goblins
  7 rats
35 creatures vanquished.

Notes
Turn   | Place    | Note
--------------------------------------------------------------
     0 | D:1      | utis the Human Arcane Marksman began the quest for the Orb.
     0 | D:1      | Reached XP level 1. HP: 15/15 MP: 2/2
   139 | D:1      | Reached XP level 2. HP: 19/21 MP: 3/3
   538 | D:1      | Learned a level 2 spell: Slow
  1135 | D:1      | Reached XP level 3. HP: 21/26 MP: 0/4
  2986 | D:2      | HP: 1/26 [adder (3)]
  2986 | D:2      | Slain by an adder

Skill      XL: |  1  2 |
---------------+-------+-----
Bows           | 3 |  3.6
Fighting       | |  1.0
Dodging        | |  2.0
Spellcasting   | |  1.0
Hexes          | |  3.3

Action                   || total
-------------------------++-------
Melee: Dagger            ||    60
       Whip              ||    11
       Short sword       ||    61
 Fire: Shortbow          ||    27
Throw: Stone             ||    12
 Cast: Corona            ||    29
       Slow              ||     9
  Use: Potion            ||     1
 Stab: Sleeping          ||     1
  Eat: Chunk             ||     8
Armor: Robe              ||    20
       Leather armour    ||    10
Dodge: Dodged            ||    96
